 Dungeon Crawl Stone Soup version 0.20-a0-622-g01f5896 (webtiles) character file.

2557 PurpleRed the Cleaver (level 9, -2/57 HPs)
             Began as a Gargoyle Fighter on Feb 9, 2017.
             Was a Follower of Ru.
             Slain by a two-headed ogre
             ... wielding a +0 giant spiked club
              (19 damage)
             ... on level 8 of the Dungeon.
             The game lasted 00:22:44 (5270 turns).

PurpleRed the Cleaver (Gargoyle Fighter)            Turns: 5270, Time: 00:22:45

Health: -2/57      AC: 21    Str: 20    XL:     9   Next: 56%
Magic:  9/9        EV:  5    Int:  9    God:    Ru [*.....]
Gold:   441        SH: 12    Dex: 12    Spells: 8/8 levels left

rFire    . . .     SeeInvis .   B - +1 war axe (chop)
rCold    . . .     Gourm    .   t - +0 chain mail
rNeg     + + .     Faith    .   c - +0 shield
rPois    ∞         Spirit   .   h - +0 helmet
rElec    +         Reflect  +   z - +1 cloak {+Inv}
rCorr    .         Harm     .   e - +1 pair of gloves
MR       .....                  (no boots)
Stlth    ..........             r - +3 amulet of reflection
Regen    0.2/turn               u - ring of stealth
                                q - ring of positive energy

@: no status effects
A: negative energy resistance 1, electricity resistance, unbreathing,
petrification resistance, rot immunity, hated by all, AC +5
a: Renounce Religion, Evoke Invisibility


You were on level 8 of the Dungeon.
You worshipped Ru.
Ru was aware of your devotion.
You were hungry.

You visited 2 branches of the dungeon, and saw 9 of its levels.

You collected 441 gold pieces.

Inventory:

Hand Weapons
 a - a +1 war axe
 p - a cursed -1 flail
 B - a +1 war axe of chopping (weapon)
Missiles
 i - 7 silver tomahawks (quivered)
Armour
 c - a +0 shield (worn)
 e - a +1 pair of gloves (worn)
 h - a +0 helmet (worn)
 k - the +3 leather armour "Ostrur" {MR+ MP+9 Str-5, unknown}
   (You found it on level 5 of the Dungeon)

   It affects your strength (-5).
   It affects your resistance to hostile enchantments.
   It affects your magic capacity (+9).
 t - a +0 chain mail (worn)
 z - a +1 cloak of invisibility (worn)
Jewellery
 q - a ring of positive energy (left hand)
 r - a +3 amulet of reflection (around neck)
 s - an uncursed amulet of the gourmand {unknown}
 u - a ring of stealth (right hand)
Wands
 w - a wand of digging (15/24)
 C - a wand of acid (10/15)
 E - a wand of random effects (24/48)
 F - a wand of iceblast (6/15)
Scrolls
 b - 2 scrolls of teleportation
 l - 4 scrolls of magic mapping
 x - a scroll of fear
 y - a scroll of remove curse
 H - a scroll of torment {unknown}
Potions
 d - a potion of might
 g - 2 potions of lignification
 m - a potion of heal wounds
 o - a potion of ambrosia
 v - a potion of curing
 A - a potion of flight
 D - a potion of magic {unknown}
Comestibles
 f - 6 bread rations
 j - 6 meat rations
 n - 5 royal jellies
 G - 4 chunks of flesh


   Skills:
 - Level 7.0 Fighting
 * Level 9.8 Axes
 + Level 5.6 Armour
 - Level 3.2 Shields


You had 8 spell levels left.
You didn't know any spells.

Dungeon Overview and Level Annotations

Branches:
Dungeon (8/15)             Temple (1/1) D:6
   Lair: D:8-11

Altars:
Ashenzari
Cheibriados
Elyvilon
Fedhas
Gozag
Hepliaklqana
Kikubaaqudgha
Makhleb
Nemelex Xobeh
Okawaru
Qazlal
Ru
Sif Muna
Trog
Uskayaw
Vehumet
Xom
Yredelemnul
Zin
The Shining One

Shops:
D:4 [   D:7 =


Innate Abilities, Weirdness & Mutations

You are resistant to torment.
Your stone body is resilient. (AC +5)
You are immune to poison.
You resist negative energy. (rN+)
You are resistant to electric shocks. (rElec)
You can survive without breathing.
You are immune to petrification.
You are immune to rotting.
You are hated by all.


Message History

The adder is severely wounded.
You hit the centaur warrior skeleton.
You block the centaur warrior skeleton's attack.
You block the adder's attack.
The centaur warrior skeleton hits you but does no damage.
You slice the adder!!
You kill the adder!
You slash the centaur warrior skeleton!
You destroy the centaur warrior skeleton!
Your shield and chain mail prevent you from hitting the two-headed ogre.
The two-headed ogre hits you but does no damage.
The two-headed ogre hits you with a giant club!
You hit the two-headed ogre but do no damage.
The two-headed ogre hits you with a giant spiked club!
The two-headed ogre hits you with a giant club!
You barely miss the two-headed ogre. The two-headed ogre barely misses you.
The two-headed ogre hits you with a giant club!
* * * LOW HITPOINT WARNING * * *
The two-headed ogre hits you with a giant spiked club!!
You die...

##...# #.........# ####
##.... #...†...# ...#
#...# #.....# ##.# #..#
##.#### #[# #####..# #.#
#.# ##......#########.#
#.#####...###.........#.#
#..#.....## #.........#.#
##......## #..@......#.#
#.....##>#####..O......#.#
....####........########.#
...##########...# #.#
.##.......(....## #.##
.##......)(.<..(## #..#
........))).##..## ##.#
............###..# #.#
######.##### ##.## #.#


You could see a two-headed ogre.

Vanquished Creatures
  A centaur zombie (D:7)
  A centaur skeleton (D:8)
  A hippogriff (D:5)
  The ghost of alcopop the Gusty, an amateur TeAE (D:4)
  Duvessa (D:4)
  A sky beast (D:5)
  A centaur (D:7)
  A big kobold (D:8)
  2 bullfrogs
  Dowan (D:4)
  A scorpion (D:6)
  3 wights (D:6)
  A howler monkey (D:4)
  2 crimson imps
  2 bullfrog zombies
  A bullfrog skeleton (D:6)
  3 jellies
  Crazy Yiuf (D:7)
  2 hounds (D:7)
  2 orc wizards
  An iguana (D:7)
  7 worker ants
  A hound zombie (D:7)
  A hound skeleton (D:5)
  11 adders
  A gnoll (D:1)
  A howler monkey skeleton (D:5)
  2 shadow imps (D:5)
  An ooze (D:2)
  An adder skeleton (D:4)
  An adder zombie (D:7)
  A worm (D:4)
  5 dart slugs
  2 leopard geckos
  14 orcs
  5 giant cockroaches
  7 goblins
  7 hobgoblins
  13 jackals
  2 quokkas
  3 ball pythons
  12 bats
  9 frilled lizards
  A jackal skeleton (D:5)
  12 kobolds
  A leopard gecko skeleton (D:7)
  A leopard gecko zombie (D:7)
  6 rats
158 creatures vanquished.

Notes
Turn   | Place    | Note
-------+----------+-------------------------------------------
     0 | D:1      | PurpleRed the Gargoyle Fighter began the quest for the Orb.
     0 | D:1      | Reached XP level 1. HP: 14/14 MP: 1/1
    52 | D:1      | Reached skill level 2 in Axes
    84 | D:1      | Reached XP level 2. HP: 18/19 MP: 2/2
   391 | D:1      | Reached skill level 3 in Axes
   391 | D:1      | Reached XP level 3. HP: 23/23 MP: 3/3
   979 | D:2      | Reached XP level 4. HP: 29/29 MP: 4/4
  1086 | D:2      | Found a stormy altar of Qazlal.
  1223 | D:3      | Found a white marble altar of Elyvilon.
  1391 | D:3      | Reached skill level 4 in Axes
  1391 | D:3      | Reached XP level 5. HP: 22/33 MP: 5/5
  1577 | D:3      | Found a faded altar of an unknown god.
  2031 | D:4      | Found Veasuus Nyul's Armour Shoppe.
  2041 | D:4      | Noticed alcopop's ghost (amateur TeAE)
  2096 | D:4      | Killed alcopop's ghost
  2096 | D:4      | Reached skill level 5 in Fighting
  2096 | D:4      | Reached skill level 5 in Axes
  2096 | D:4      | Reached XP level 6. HP: 25/40 MP: 6/6
  2431 | D:4      | Found a burning altar of Makhleb.
  2431 | D:4      | Found an iron altar of Okawaru.
  2656 | D:4      | Reached XP level 7. HP: 39/44 MP: 7/7
  2701 | D:4      | Noticed Duvessa
  2717 | D:4      | Killed Duvessa
  2717 | D:4      | Reached skill level 6 in Axes
  2718 | D:4      | Noticed Dowan
  2744 | D:4      | Killed Dowan
  3036 | D:5      | Entered Level 5 of the Dungeon
  3075 | D:5      | Noticed a hippogriff
  3086 | D:5      | Killed a hippogriff
  3165 | D:5      | Reached skill level 7 in Axes
  3165 | D:5      | Reached XP level 8. HP: 50/51 MP: 8/8
  3182 | D:5      | Got an opal-encrusted leather armour
  3682 | D:5      | Found a sacrificial altar of Ru.
  3685 | D:5      | Found a radiant altar of Vehumet.
  3689 | D:5      | Became a worshipper of Ru the Awakened
  3926 | D:6      | Reached skill level 8 in Axes
  4077 | D:6      | Found a sparkling altar of Nemelex Xobeh.
  4207 | D:6      | Found a staircase to the Ecumenical Temple.
  4217 | Temple   | Entered the Ecumenical Temple
  4393 | D:7      | Reached skill level 9 in Axes
  4393 | D:7      | Reached XP level 9. HP: 43/57 MP: 9/9
  4743 | D:7      | Found Zidat's Jewellery Boutique.
  4851 | D:7      | Found a runed door.
  4855 | D:7      | Noticed Crazy Yiuf
  4863 | D:7      | Killed Crazy Yiuf
  4863 | D:7      | Reached skill level 5 in Armour
  5128 | D:8      | Gained mutation: You are hated by all. [Ru sacrifice]
  5128 | D:8      | Reached * piety under Ru
  5222 | D:8      | Noticed a two-headed ogre
  5270 | D:8      | Slain by a two-headed ogre

Vault maps used:
D:1:      dpeg_arrival_lava_temple_mockup
D:2:      grunt_qazlal_clouds, first_bread
D:3:      lemuel_round_altar, chequers_ecumenical_altar_lobes
D:4:      gammafunk_temple_overflow_elements, serial_shops, shop, fountainhead,
          minmay_statues_item, uniq_duvessa
D:5:      minitemple
D:6:      nemelex_xobeh_ov_fountains_minmay, minmay_temple_entry_statues_pillars
D:7:      serial_shops, nicolae_shop_trees, uniq_crazy_yiuf_cottage
D:8:      overflow_temple_1_default
Temple:   nicolae_temple_god_jail

Skill      XL: |  1  2  3  4  5  6  7  8  9 |
---------------+----------------------------+-----
Axes           | 2 3 4 5 7 9 |  9.8
Fighting       | 4 5 6 7 |  7.0
Armour         | 4 5 |  5.6
Shields        | |  3.2

Action                   |  1- 3 |  4- 6 |  7- 9 || total
-------------------------+-------+-------+-------++-------
Melee: War axe           |   124 |   265 |   321 ||   710
Invok: Sacrifice Love    |       |       |     1 ||     1
  Use: Scroll            |       |     7 |     9 ||    16
  Eat: Chunk             |       |     6 |     9 ||    15
Armor: Scale mail        |    60 |    95 |       ||   155
       Chain mail        |       |    61 |   180 ||   241
Dodge: Dodged            |    40 |    72 |    53 ||   165
Block: Shield            |    71 |   155 |   194 ||   420
       Reflection        |       |     2 |     7 ||     9
